 Dungeon Crawl Stone Soup version 0.25-a0-583-g696c2ac (webtiles) character file.

Game seed: 12223805922203609328, levelgen mode: deterministic

127530 Charmandara the Archer (level 15, -12/121 HPs)
             Began as a Demigod Wanderer on Mar 1, 2020.
             Mangled by an eight-headed hydra (14 damage)
             ... on level 13 of the Dungeon on Mar 8, 2020.
             The game lasted 02:47:21 (36640 turns).

Charmandara the Archer (Demigod Wanderer)          Turns: 36640, Time: 02:47:22

Health: -12/121    AC: 20    Str: 12 (14) XL:     15   Next: 99%
Magic:  23/43      EV: 17    Int: 32      God:
Gold:   2796       SH:  0    Dex: 12 (15) Spells: 2/30 levels left

rFire    + + .     SeeInvis .   b - +4 lajatang (vamp) {!w}
rCold    . . .     Gourm    .   (shield currently unavailable)
rNeg     . . .     Faith    .   Y - +5 ring mail {rF+}
rPois    +         Spirit   .   C - +2 helmet {Int+3}
rElec    .         Reflect  .   P - scarf {repulsion}
rCorr    .         Harm     .   F - +0 pair of gloves
MR       +....                  V - +2 pair of boots {Stlth+}
Stlth    ++........             A - amulet of magic regeneration
HPRegen  0.30/turn              x - ring of magical power {MP+9}
MPRegen  0.53/turn              q - ring of the City {rPois rF+ Dex+2}

@: frozen ramparts, very slightly contaminated, lightly drained, repel missiles
A: iridescent scales 1, high mp 2
a: no special abilities


You were on level 13 of the Dungeon.
You were not hungry.

You visited 4 branches of the dungeon, and saw 25 of its levels.
You also visited: Ice Cave and Volcano.

You collected 6210 gold pieces.
You spent 3414 gold pieces at shops.

Inventory:

Hand Weapons
 a - the +6 shortbow "Niunurgh" {vorpal, rC+++ Str+4 Int+4 SInv}
   (You found it on level 7 of the Dungeon)

   Any arrow fired from it inflicts extra damage.
   It affects your strength (+4).
   It affects your intelligence (+4).
   It renders you almost immune to cold.
   It lets you see invisible.
 b - a +4 vampiric lajatang (weapon) {!w}
   (You found it in an ice cave)
Missiles
 f - 159 arrows
Armour
 o - a scarf of resistance
   (You acquired it on level 2 of the Orcish Mines)
 C - a +2 helmet of intelligence (worn)
   (You found it on level 7 of the Dungeon)
 F - a +0 pair of gloves (worn)
   (You found it on level 7 of the Dungeon)
 P - a scarf of repulsion (worn)
   (You found it on level 3 of the Lair of Beasts)
 R - +0 acid dragon scales
   (You found it on level 12 of the Dungeon)
 S - the +5 ring mail of the Elven Halls {rN+++ Dex-4}
   (You bought it in a shop on level 2 of the Orcish Mines)

   It affects your dexterity (-4).
   It renders you almost immune to negative energy.
 V - a +2 pair of boots of stealth (worn)
   (You bought it in a shop on level 2 of the Orcish Mines)
 Y - a +5 ring mail of fire resistance (worn)
   (You found it in an ice cave)
Jewellery
 p - an uncursed ring of wizardry {Wiz+, !d}
   (You found it on level 9 of the Dungeon)
 q - the ring of the City (right hand) {rPois rF+ Dex+2}
   (You bought it in a shop on level 2 of the Orcish Mines)

   [ring of protection from fire]

   It affects your dexterity (+2).
   It protects you from fire.
   It protects you from poison.
 x - a ring of magical power (left hand) {MP+9}
   (You found it on level 6 of the Dungeon)
 A - an amulet of magic regeneration (around neck)
   (You took it off a centaur on level 5 of the Dungeon)
 I - the ring "Ohetamo" {+Fly Int+4}
   (You acquired it on level 10 of the Dungeon)

   [ring of flight]

   It affects your intelligence (+4).
   It lets you fly.
Wands
 i - a wand of enslavement (20)
   (You found it on level 10 of the Dungeon)
 r - a wand of iceblast (16)
   (You found it on level 6 of the Dungeon)
 t - a wand of paralysis (5)
   (You found it on level 4 of the Dungeon)
 L - a wand of digging (13)
   (You took it off Erolcha on level 2 of the Orcish Mines)
Scrolls
 c - 6 scrolls of teleportation
 d - a scroll of amnesia
 e - 3 scrolls of magic mapping {!r}
 h - 12 scrolls of remove curse
 j - 5 scrolls of blinking {!r}
 l - 2 scrolls of enchant armour
 m - a scroll of vulnerability {!r!r}
 n - 2 scrolls of fear
 H - 2 scrolls of silence
 J - 2 scrolls of identify
 N - a scroll of brand weapon
 U - 4 scrolls of fog
Potions
 k - 3 potions of curing
 u - 3 potions of haste
 v - 5 potions of stabbing
 B - 3 potions of flight
 E - a potion of cancellation
 G - a potion of berserk rage {!q}
 K - 4 potions of resistance
 M - 2 potions of might
 Q - 4 potions of brilliance
 T - 3 potions of mutation {!q}
Miscellaneous
 s - a lamp of fire (inert)
   (You found it on level 7 of the Dungeon)
 D - a crystal ball of energy
   (You found it on level 6 of the Lair of Beasts)
 O - a sack of spiders
Comestibles
 g - 25 rations


   Skills:
 - Level 8.2(8.1) Fighting
 * Level 8.3(8.2) Staves
 - Level 14.0(13.8) Bows
 - Level 5.4(5.3) Armour
 - Level 14.0(13.9) Dodging
 - Level 1.7(1.6) Stealth
 - Level 8.0(7.9) Spellcasting
 - Level 1.0(0.9) Conjurations
 - Level 9.8(9.7) Necromancy
 + Level 9.4(9.3) Ice Magic
 - Level 1.0(0.9) Air Magic
 - Level 6.0(5.9) Poison Magic
 - Level 3.0(2.9) Evocations


You had 2 spell levels left.
You knew the following spells:

 Your Spells              Type           Power        Failure   Level  Hunger
a - Agony                 Necr           ######..     4%          5    ####...
b - Simulacrum            Ice/Necr       ######....   24%         6    #####..
m - Mephitic Cloud        Conj/Pois/Air  ####....     8%          3    None
o - Olgreb's Toxic Radia  Pois           ######..     7%          4    None
x - Vampiric Draining     Necr           ######....   1%          3    None
z - Frozen Ramparts       Ice            ######       1%          3    None
A - Animate Dead          Necr           N/A          1%          4    None

Your spell library contained the following spells:

 Spells                   Type           Power        Failure   Level  Hunger
 Animate Skeleton         Necr           N/A          1%          1    None
 Freeze                   Ice            ####         1%          1    None
 Pain                     Necr           ####         1%          1    None
 Sting                    Tmut/Pois      ####         2%          1    None
 Poisonous Vapours        Pois/Air       ####..       2%          2    None
 Beastly Appendage        Tmut           ##....       8%          1    None
 Corona                   Hex            ##.....      8%          1    None
 Sandblast                Erth           ##....       8%          1    None
 Passwall                 Tmut/Erth      ##......     12%         2    None
 Slow                     Hex            ##......     12%         2    None
 Sticks to Snakes         Tmut           ##......     12%         2    None
 Spider Form              Tmut/Pois      ####......   7%          3    None
 Ignite Poison            Fire/Tmut/Pois ####....     11%         3    None
 Ice Form                 Ice/Tmut       #####...     12%         4    None
 Stone Arrow              Conj/Erth      ###...       19%         3    None
 Death Channel            Necr           ######....   22%         6    #####..
 Inner Flame              Hex/Fire       ##......     24%         3    None
 Portal Projectile        Hex/Tloc       ##....       24%         3    None
 Recall                   Summ/Tloc      N/A          24%         3    None
 Borgnjor's Vile Clutch   Necr/Erth      #####.....   28%         5    ####...
 Cause Fear               Hex            ##........   61%         4    None
 Leda's Liquefaction      Hex/Erth       ##........   61%         4    None
 Petrify                  Tmut/Erth      ##......     61%         4    None
 Irradiate                Conj/Tmut      ###.......   87%         5    ####...
 Blade Hands              Tmut           ##........   91%         5    ####...
 Lee's Rapid Deconstruct  Erth           ##........   91%         5    ####...
 Hydra Form               Tmut           ##........   100%        6    #####..
 Statue Form              Tmut/Erth      ##.......    100%        6    #####..
 Dragon Form              Tmut           ##........   100%        7    #######
 Malign Gateway           Summ/Tloc      ##........   100%        7    #######
 Monstrous Menagerie      Summ           ##........   100%        7    #######
 Summon Greater Demon     Summ           ##........   100%        7    #######
 Summon Horrible Things   Summ           ##........   100%        8    #######


Dungeon Overview and Level Annotations

Branches:
Dungeon (13/15)            Temple (0/1) D:6            Lair (6/6) D:9
  Swamp (0/4) Lair:3       Spider (4/4) Lair:3        Slime (0/5) Lair:5
    Orc (2/2) D:11            Elf (0/3) Orc:2         IceCv (visited)
Volcano (visited)
 Vaults: D:13-14

Shops:
D:6 %   D:10 *   Orc:2 =[([*

Portals:
Trove: D:12 (give 8 potions of stabbing)

Annotations:
D:3 exclusion: Ijyb
Spider:3 Aizul


Innate Abilities, Weirdness & Mutations

You have a considerably increased reservoir of magic. (+20% MP)
You are partially covered in iridescent scales. (AC +2)


Message History

The vampire partially resists.
The vampire gestures wildly while chanting.
The vampire flickers and vanishes!
Deactivating autopickup; reactivate with Ctrl-A.
The walls release a blast of icicles at the manticore!
The manticore is encased in ice.
The manticore bites you but does no damage.
The manticore claws you but does no damage. x2
The walls release a blast of icicles at the eight-headed hydra!
The walls release a blast of icicles at the acid dragon!
The acid dragon is encased in ice.
An eye of draining comes into view.
The walls release a blast of icicles at the ironheart preserver!
The walls release a blast of icicles at the centaur warrior!
The centaur warrior hits you.
You take 2 damage, and have 72/121 hp.
You closely miss the centaur warrior.
The ironheart preserver is no longer encased in ice.
The crimson imp is no longer encased in ice.
The hungry ghost is no longer encased in ice.
The wall releases a blast of icicles at the vampire!
The vampire partially resists.
The walls release a blast of icicles at the wraith!
The wraith partially resists.
You destroy the wraith!
The wall releases a blast of icicles at the hungry ghost!
The hungry ghost partially resists.
The hungry ghost is encased in ice.
The walls release a blast of icicles at the eight-headed hydra!
The wall releases a blast of icicles at something!
The walls release a blast of icicles at the crimson imp!
The crimson imp is encased in ice.
The walls release a blast of icicles at the centaur warrior!
The centaur warrior hits you.
The walls release a blast of icicles at the manticore!
You kill the manticore!
The manticore's corpse dissolves into shadows!
The walls release a blast of icicles at the acid dragon!
You kill the acid dragon!
The wall releases a blast of icicles at the wight!
The walls release a blast of icicles at the wight!
You take 1 damage, and have 71/121 hp.
Unknown command.
You closely miss the centaur warrior.
The vampire is no longer encased in ice.
The wight is no longer encased in ice.
The eight-headed hydra is no longer encased in ice.
The walls release a blast of icicles at the centaur warrior!
The centaur warrior closely misses you.
The orc wizard gestures at you while chanting.
The puff of frost is repelled.
The puff of frost hits the centaur warrior!
The centaur warrior dies!
The wall releases a blast of icicles at the vampire!
The vampire partially resists.
The vampire is encased in ice.
The walls release a blast of icicles at the crimson imp!
The crimson imp is frozen!
You kill the crimson imp!
The walls release a blast of icicles at the brown ugly thing!
The walls release a blast of icicles at the eight-headed hydra!
The eight-headed hydra is encased in ice.
The eight-headed hydra bites you but does no damage.
The eight-headed hydra bites you.
The eight-headed hydra bites you but does no damage.
The eight-headed hydra barely misses you.
The eight-headed hydra bites you but does no damage.
The eight-headed hydra bites you.
The eight-headed hydra barely misses you.
The eight-headed hydra closely misses you.
The cyclops throws a large rock.
The large rock hits you!
The wall releases a blast of icicles at the brown ugly thing!
The brown ugly thing is encased in ice.
The wall releases a blast of icicles at the wight!
The walls release a blast of icicles at something!
You take 16 damage, and have 55/121 hp.
Unknown command.
Unknown command.
Unknown command.
Unknown command.
Unknown command.
The mass of ice explodes!
The iceblast engulfs something.
The iceblast engulfs the eight-headed hydra!
The iceblast engulfs you!
The iceblast engulfs the orc wizard.
You hear a loud, deep croak! x2
The brown ugly thing is no longer encased in ice.
The walls release a blast of icicles at the ironheart preserver!
The ironheart preserver is encased in ice.
The ironheart preserver hits you with a +0 vorpal dire flail!!
* * * LOW HITPOINT WARNING * * *
x2 The wall releases a blast of icicles at the orc wizard!
The orc wizard is encased in ice.
The walls release a blast of icicles at the vampire!
The walls release a blast of icicles at the eight-headed hydra!
The eight-headed hydra bites you.
* * * LOW HITPOINT WARNING * * *
The eight-headed hydra bites you!
* * * LOW HITPOINT WARNING * * *
The eight-headed hydra misses you. The eight-headed hydra bites you!
* * * LOW HITPOINT WARNING * * *
The eight-headed hydra bites you!
You die...

.... .. .G..
######..#
.....'zz#
.....'uz#
.....#.u#
(....#Vp# #.@#
#######D)#####
#(...<()o....o.
#....))##.C....o
#?.#...###o.....
#.......# ......
.....#...#
#<....
.#.####... .....
# #... .....


You could see an ironheart preserver, an eight-headed hydra, 2 ugly things, a
cyclops, an eye of draining, a vampire, 3 wights, an orc wizard and an orc.

Vanquished Creatures
  Arachne (Spider:2)
  Jorgrun (Spider:2)
  Gastronok (D:9)
  Agnes (Spider:2)
  A ghost moth (Spider:3)
  An emperor scorpion (Spider:1)
  An orc warlord (Orc:1)
  A spark wasp (Spider:3)
  The ghost of jujuben the Earth Mage, a journeyman GrEE of Vehumet (Lair:5)
  Josephine (Orc:2)
  Erolcha (Orc:2)
  8 hydras
  An ice dragon (Lair:5)
  An ogre mage (Volcano)
  10 two-headed ogres
  2 orc high priests (Orc:2)
  6 death yaks (Lair:5)
  A hell knight (Volcano)
  2 skeletal warriors (D:13)
  Urug (D:11)
  2 unseen horrors
  5 orb spiders
  12 wolf spiders
  8 orc knights
  A deep elf mage (D:12)
  2 necromancers
  An ugly thing (D:12)
  A manticore (D:13)
  3 orc sorcerers
  A moth of wrath (Spider:3)
  2 black mambas
  3 ice statues (IceCv)
  15 elephants
  Psyche (D:9)
  15 spiny frogs
  A gargoyle (D:11)
  5 demonic crawlers
  A kobold demonologist (D:12)
  6 komodo dragons
  4 rime drakes (Lair:5)
  9 ice devils
  A queen bee (D:11)
  12 trolls
  18 jumping spiders
  3 polar bears
  Prince Ribbit (D:8)
  2 bog bodies (Lair:3)
  3 tyrant leeches (Lair:6)
  2 hornets
  13 blink frogs
  Grinder (D:3)
  6 hippogriffs
  35 redbacks
  22 tarantellas
  6 wyverns
  2 vampires (D:12)
  Sigmund (D:3)
  6 wraiths
  2 hungry ghosts
  62 yaks
  4 fire bats (Lair:6)
  3 basilisks
  6 vampire mosquitoes (Lair:6)
  Grum (D:11)
  A steam dragon (D:10)
  4 wargs
  3 acid dragons
  2 hell hounds (Lair:6)
  4 water moccasins
  A hydra simulacrum (Lair:5)
  10 porcupines
  34 orc warriors
  2 eyes of draining
  4 phantoms
  9 sky beasts
  4 black bears
  A necrophage (D:12)
  3 ice beasts
  2 black mamba simulacra (Lair:5)
  11 ogres
  12 wolves
  10 centaurs
  7 crocodiles
  2 big kobolds
  22 bullfrogs
  A wyvern zombie (D:11)
  A water moccasin zombie (D:7)
  A wyvern skeleton (D:11)
  3 scorpions
  30 killer bees
  A lindwurm simulacrum (Lair:5)
  A wight (D:7)
  A howler monkey (D:6)
  7 electric eels
  An elephant simulacrum (Lair:5)
  2 komodo dragon simulacra (Lair:5)
  10 crimson imps
  2 bullfrog zombies
  3 draconian simulacra (IceCv)
  A lava snake (Lair:6)
  3 bullfrog skeletons
  3 jellies
  12 hounds
  A quasit (D:10)
  14 orc priests
  4 centaur skeletons
  22 orc wizards
  Ijyb (D:3)
  4 iguanas
  3 yak simulacra (Lair:3)
  A troll simulacrum (IceCv)
  11 worker ants
  A spriggan simulacrum (IceCv)
  A polar bear simulacrum (Lair:3)
  5 wolf simulacra (Lair:3)
  A centaur simulacrum (IceCv)
  2 hound zombies
  3 hound skeletons
  A worker ant zombie (D:6)
  5 gnolls
  3 naga simulacra (IceCv)
  13 adders
  An ogre simulacrum (IceCv)
  3 shadow imps
  12 white imps (D:12)
  2 oozes
  2 adder zombies (D:7)
  2 worms
  A dart slug (D:2)
  10 leopard geckos
  73 orcs
  9 bats
  4 giant cockroaches
  5 goblins
  2 hobgoblins
  17 jackals
  15 kobolds
  6 quokkas
  A ball python (D:6)
  5 frilled lizards
  A quokka skeleton (D:5)
  6 rats
  2 river rat simulacra (Lair:3)
  A plant (Lair:4)
860 creatures vanquished.

Vanquished Creatures (collateral kills)
  An orb spider (Spider:3)
  7 wolf spiders
  2 black mambas (Lair:6)
  A gargoyle (D:11)
  A kobold demonologist (D:11)
  A torpor snail (Spider:1)
  4 spiny frogs (Lair:6)
  A rime drake (Lair:3)
  An ice devil (Lair:3)
  A jumping spider (Spider:3)
  6 demonic crawlers
  A tyrant leech (Lair:6)
  A troll (D:11)
  2 blink frogs (Lair:6)
  2 hippogriffs
  6 tarantellas
  A wraith (D:11)
  4 redbacks
  5 yaks
  A water moccasin (Lair:6)
  A necrophage (D:8)
  A wolf (D:11)
  An ogre (D:8)
  4 bullfrogs
  2 killer bees
  A bullfrog skeleton (D:13)
  A worker ant (D:8)
  A hound zombie (D:8)
  An orc (D:11)
62 creatures vanquished.

Vanquished Creatures (others)
  A centaur warrior (D:13)
  An orb spider (Spider:1)
  A tarantella (Spider:1)
  An orc (Orc:2)
  27 fungi
  47 plants
78 creatures vanquished.

Grand Total: 1000 creatures vanquished

Notes
Turn   | Place    | Note
-------+----------+-------------------------------------------
     0 | D:1      | Charmandara the Demigod Wanderer began the quest for the
                  | Orb.
     0 | D:1      | Charmandara set off with the following items: a +0 club, a
                  | scroll of teleportation, a +0 robe, a +0 dagger, a ration;
                  | and the following spells available to memorise: Animate
                  | Skeleton, Pain, Freeze, Vampiric Draining, Animate Dead,
                  | Frozen Ramparts, Agony
     0 | D:1      | Reached XP level 1. HP: 16/16 MP: 4/4
     2 | D:1      | Learned a level 1 spell: Pain
     4 | D:1      | Learned a level 1 spell: Freeze
   404 | D:1      | Reached skill level 1 in Ice Magic
   415 | D:1      | Reached XP level 2. HP: 19/23 MP: 1/5
  1030 | D:2      | Reached skill level 4 in Necromancy
  1147 | D:2      | Reached XP level 3. HP: 28/28 MP: 4/7
  1462 | D:2      | Noticed a phantom
  1497 | D:2      | HP: 3/28 [phantom (7)]
  1498 | D:2      | Killed a phantom
  1498 | D:2      | Reached skill level 2 in Spellcasting
  1498 | D:2      | Reached skill level 2 in Ice Magic
  1498 | D:2      | Reached XP level 4. HP: 4/35 MP: 7/10
  1783 | D:2      | Learned a level 3 spell: Frozen Ramparts
  1900 | D:2      | Found a sparkling altar of Nemelex Xobeh.
  2177 | D:2      | Found a glowing golden altar of the Shining One.
  2231 | D:2      | Reached XP level 5. HP: 39/40 MP: 7/11
  2673 | D:3      | Found a stormy altar of Qazlal.
  2674 | D:3      | Noticed a fire elemental
  2674 | D:3      | Noticed a water elemental
  2674 | D:3      | Noticed an air elemental
  2792 | D:3      | Learned a level 3 spell: Vampiric Draining
  2924 | D:3      | Found a hazy altar of Hepliaklqana.
  2955 | D:3      | Reached skill level 3 in Ice Magic
  3014 | D:3      | Noticed Sigmund
  3085 | D:3      | Noticed Ijyb
  3085 | D:3      | Noticed Grinder
  3371 | D:3      | Found a bloodstained altar of Trog.
  3494 | D:3      | Killed Ijyb
  3499 | D:3      | Paralysed by Grinder for 4 turns
  3541 | D:3      | Killed Grinder
  3541 | D:3      | Reached skill level 3 in Spellcasting
  3541 | D:3      | Reached XP level 6. HP: 20/47 MP: 1/14
  3733 | D:3      | Found a blossoming altar of Fedhas.
  3741 | D:3      | Reached skill level 5 in Necromancy
  3790 | D:3      | Killed Sigmund
  3790 | D:3      | Reached skill level 4 in Ice Magic
  3790 | D:3      | Reached XP level 7. HP: 37/52 MP: 3/15
  4396 | D:4      | Reached skill level 4 in Spellcasting
  4741 | D:5      | Entered Level 5 of the Dungeon
  4754 | D:5      | Learned a level 4 spell: Animate Dead
  4836 | D:5      | Reached skill level 6 in Necromancy
  4836 | D:5      | Reached skill level 5 in Ice Magic
  5012 | D:4      | Reached XP level 8. HP: 25/59 MP: 11/18
  5207 | D:5      | Gained mutation: You are weak. (Str -2) [potion of
                  | mutation]
  5207 | D:5      | Gained mutation: You are agile. (Dex +2) [potion of
                  | mutation]
  5208 | D:5      | Lost mutation: You are weak. (Str -2) [potion of mutation]
  5208 | D:5      | Lost mutation: You are agile. (Dex +2) [potion of mutation]
  5208 | D:5      | Gained mutation: You are partially covered in iridescent
                  | scales. (AC +2) [potion of mutation]
  5208 | D:5      | Gained mutation: You have a considerably increased
                  | reservoir of magic. (+20% MP) [potion of mutation]
  5379 | D:5      | Reached skill level 5 in Spellcasting
  5699 | D:5      | Learned a level 5 spell: Agony
  5766 | D:5      | Found an opulent altar of Gozag.
  6043 | D:6      | Found a shimmering blue altar of Sif Muna.
  6117 | D:6      | Reached skill level 1 in Dodging
  6400 | D:6      | Found Jehyblej's Food Shoppe.
  6482 | D:6      | Reached skill level 2 in Dodging
  6500 | D:6      | Reached skill level 6 in Ice Magic
  6507 | D:6      | Reached skill level 7 in Necromancy
  6645 | D:6      | Found a staircase to the Ecumenical Temple.
  7385 | D:6      | Reached XP level 9. HP: 42/64 MP: 21/21
  7420 | D:6      | Reached skill level 7 in Ice Magic
  7791 | D:7      | Got a bloodstained shortbow
  7797 | D:7      | Identified a scroll of acquirement
  7824 | D:7      | Reached skill level 3 in Dodging
  7824 | D:7      | Reached skill level 8 in Necromancy
  7920 | D:7      | Reached skill level 4 in Dodging
  8166 | D:7      | Identified the +6 shortbow "Niunurgh" {vorpal, rC+++ Str+4
                  | Int+4 SInv} (You found it on level 7 of the Dungeon)
  8917 | D:7      | Found a shimmering altar of Xom.
  8995 | D:7      | Reached skill level 1 in Bows
  9037 | D:7      | HP: 14/64 [hornet (14)]
  9041 | D:7      | Reached skill level 2 in Bows
  9381 | D:7      | Reached skill level 3 in Bows
  9500 | D:7      | Reached skill level 9 in Necromancy
  9527 | D:7      | Got an encrusted ring mail
  9544 | D:7      | Identified the +2 ring mail of Lugonu's Vengeance {-Tele
                  | rC+ rCorr} (You found it on level 7 of the Dungeon)
  9588 | D:7      | Got a twisted ring mail
  9599 | D:7      | Identified the +1 ring mail "Biolut" {Regen+ Stlth+} (You
                  | found it on level 7 of the Dungeon)
  9835 | D:7      | Reached skill level 4 in Bows
  9835 | D:7      | Reached XP level 10. HP: 67/71 MP: 23/23
 10356 | D:8      | Found a radiant altar of Vehumet.
 10455 | D:8      | Reached skill level 5 in Bows
 11037 | D:8      | Noticed Prince Ribbit
 11054 | D:8      | Killed Prince Ribbit
 11054 | D:8      | Reached skill level 6 in Bows
 11290 | D:9      | Reached skill level 2 in Fighting
 11455 | D:9      | Found a staircase to the Lair.
 11477 | D:9      | Reached skill level 7 in Bows
 11647 | D:9      | Noticed Psyche
 11652 | D:9      | Killed Psyche
 11652 | D:9      | Reached skill level 3 in Fighting
 11725 | D:9      | Noticed Gastronok
 11742 | D:9      | Killed Gastronok
 11742 | D:9      | Reached skill level 4 in Fighting
 11742 | D:9      | Reached skill level 8 in Bows
 11742 | D:9      | Reached XP level 11. HP: 84/84 MP: 24/24
 11978 | D:9      | Found a hide-covered altar of Uskayaw.
 12163 | D:10     | Entered Level 10 of the Dungeon
 12163 | D:10     | Noticed a two-headed ogre
 12308 | D:10     | Found Pubyij's Assorted Antiques.
 12371 | D:10     | Killed a two-headed ogre
 12371 | D:10     | Reached skill level 9 in Bows
 12593 | D:10     | Learned a level 3 spell: Mephitic Cloud
 12793 | D:11     | Noticed an unseen horror
 12806 | D:11     | Killed an unseen horror
 12806 | D:11     | Reached skill level 1 in Poison Magic
 12817 | D:11     | Reached skill level 1 in Conjurations
 12819 | D:11     | Reached skill level 1 in Air Magic
 12828 | D:11     | HP: 21/85 [gargoyle/+0 mace (11)]
 12831 | D:11     | Reached skill level 2 in Poison Magic
 13252 | D:11     | Noticed Urug
 13257 | D:11     | Reached skill level 3 in Poison Magic
 13259 | D:11     | Killed Urug
 13259 | D:11     | Reached skill level 6 in Spellcasting
 13524 | D:11     | Reached skill level 4 in Poison Magic
 13525 | D:11     | Noticed Grum
 13530 | D:11     | Killed Grum
 14144 | D:11     | Found a staircase to the Orcish Mines.
 14224 | D:12     | Noticed a two-headed ogre
 14234 | D:11     | Killed a two-headed ogre
 14407 | D:12     | Reached XP level 12. HP: 93/93 MP: 28/28
 14472 | D:12     | Reached skill level 5 in Poison Magic
 14490 | D:12     | Reached skill level 7 in Spellcasting
 14501 | D:12     | Found a portal to a secret trove of treasure.
 14594 | D:12     | Reached skill level 10 in Bows
 14648 | D:12     | Found a frozen archway.
 14721 | D:12     | Reached skill level 6 in Poison Magic
 14752 | D:12     | Learned a level 4 spell: Olgreb's Toxic Radiance
 14960 | D:12     | Reached skill level 2 in Armour
 15252 | Orc:1    | Entered Level 1 of the Orcish Mines
 15285 | Orc:1    | Reached skill level 3 in Armour
 15285 | Orc:1    | Reached skill level 8 in Spellcasting
 15556 | Orc:2    | Entered Level 2 of the Orcish Mines
 15586 | Orc:2    | Noticed an orc warlord
 15597 | Orc:2    | Reached skill level 1 in Evocations
 15603 | Orc:1    | HP: 17/93 [orc warlord/+0 battleaxe (33)]
 15616 | Orc:1    | Killed an orc warlord
 15915 | Orc:2    | Noticed Josephine
 15926 | Orc:2    | Reached skill level 2 in Evocations
 15926 | Orc:2    | Reached skill level 4 in Armour
 15927 | Orc:2    | Killed Josephine
 16537 | Orc:1    | Reached skill level 3 in Evocations
 16582 | Orc:1    | Reached skill level 11 in Bows
 16815 | Orc:1    | Reached skill level 5 in Fighting
 16857 | Orc:1    | Found a roughly hewn altar of Beogh.
 17049 | Orc:2    | Found Massuaq's Antique Armour Boutique.
 17098 | Orc:2    | Reached XP level 13. HP: 100/100 MP: 32/32
 17107 | Orc:2    | Found Puxeduno's Antique Weapon Boutique.
 17111 | Orc:2    | Found a staircase to the Elven Halls.
 17152 | Orc:2    | Found Wumoaf's Jewellery Emporium.
 17171 | Orc:2    | Noticed Erolcha
 17182 | Orc:2    | Killed Erolcha
 17239 | Orc:2    | Reached skill level 5 in Dodging
 17643 | Orc:2    | Reached skill level 6 in Fighting
 17675 | Orc:2    | Found Diluog's Antique Armour Boutique.
 17811 | Orc:2    | Bought a pair of runed boots for 142 gold pieces
 18026 | Orc:2    | Found Myam's General Store.
 18383 | Orc:2    | Bought a scroll of acquirement for 624 gold pieces
 18383 | Orc:2    | Bought a wand of paralysis (9) for 132 gold pieces
 18383 | Orc:2    | Identified the Incunabulum of Displacement and Companions
                  | (You acquired it on level 2 of the Orcish Mines)
 18452 | Orc:2    | Bought the ring of the City {rPois rF+ Dex+2} for 444 gold
                  | pieces
 18549 | D:10     | Bought a scroll of acquirement for 1768 gold pieces
 18549 | D:10     | Identified the +0 buckler of Moral Flaws {Str-5 Dex+8} (You
                  | acquired it on level 10 of the Dungeon)
 18549 | D:10     | Identified the ring "Ohetamo" {+Fly Int+4} (You acquired it
                  | on level 10 of the Dungeon)
 18896 | Lair:1   | Entered Level 1 of the Lair of Beasts
 19172 | Lair:1   | Reached skill level 6 in Dodging
 20149 | Lair:2   | Reached skill level 7 in Fighting
 20149 | Lair:2   | Reached skill level 12 in Bows
 20804 | Lair:3   | Found a frozen archway.
 20896 | IceCv    | Entered an ice cave
 20977 | IceCv    | Reached skill level 7 in Dodging
 21864 | Lair:3   | Reached skill level 1 in Staves
 21868 | Lair:3   | Found a hole to the Spider Nest.
 22267 | Lair:3   | Reached skill level 2 in Staves
 22494 | Lair:3   | Found a staircase to the Swamp.
 22900 | Lair:4   | Reached XP level 14. HP: 113/113 MP: 33/33
 23160 | Lair:4   | Reached skill level 13 in Bows
 23455 | Lair:4   | Identified the +8 halberd of Pitzonesk {chaos, *Noise +Inv
                  | rPois rC+} (You found it on level 4 of the Lair of Beasts)
 23922 | Lair:5   | HP: 24/113 [komodo dragon (27)]
 23927 | Lair:5   | HP: 17/113 [poisoned by a black mamba]
 23932 | Lair:5   | HP: 13/113 [poisoned by a black mamba]
 23937 | Lair:5   | HP: 11/113 [poisoned by a black mamba]
 23943 | Lair:5   | HP: 9/113 [poisoned by a black mamba]
 23949 | Lair:5   | HP: 9/113 [poisoned by a black mamba]
 23957 | Lair:5   | HP: 9/113 [poisoned by a black mamba]
 24713 | Lair:5   | Found a runed translucent gate.
 24713 | Lair:5   | Found a runed translucent gate.
 24713 | Lair:5   | Found a runed translucent gate.
 24746 | Lair:5   | Reached skill level 14 in Bows
 24814 | Lair:5   | Found a staircase to the Slime Pits.
 24943 | Lair:5   | Reached skill level 5 in Armour
 24947 | Lair:5   | Reached skill level 8 in Fighting
 25290 | Lair:5   | Noticed jujuben's ghost (journeyman GrEE)
 25497 | Lair:5   | Learned a level 6 spell: Simulacrum
 25707 | Lair:5   | Killed jujuben's ghost
 26048 | Lair:5   | Got the ring of Goazil {Fire}
 26107 | Lair:6   | Entered Level 6 of the Lair of Beasts
 26169 | Lair:6   | Reached skill level 8 in Dodging
 26282 | Lair:6   | Found a dark tunnel.
 26297 | Volcano  | Entered a volcano
 26327 | Volcano  | Reached skill level 9 in Dodging
 26330 | Volcano  | Found a burning altar of Makhleb.
 26389 | Volcano  | Reached skill level 10 in Dodging
 26409 | Volcano  | HP: 27/115 [hell knight/+0 flail of flaming (9)]
 26490 | Volcano  | Upgraded the game from 0.25-a0-576-g50b708a to
                  | 0.25-a0-583-g696c2ac
 26809 | Lair:6   | Reached skill level 11 in Dodging
 27271 | Lair:6   | Reached skill level 12 in Dodging
 27350 | Lair:6   | Reached XP level 15. HP: 121/121 MP: 34/34
 27907 | Lair:6   | HP: 25/121 [spiny frog (20)]
 28302 | Lair:6   | Reached skill level 13 in Dodging
 29726 | Spider:1 | Entered Level 1 of the Spider Nest
 29745 | Spider:1 | HP: 28/121 [demonic crawler (12)]
 29746 | Spider:1 | HP: 10/121 [wolf spider (11)]
 29747 | Spider:1 | Reached skill level 14 in Dodging
 29752 | Spider:1 | HP: 16/121 [demonic crawler (5)]
 30253 | Spider:1 | Reached skill level 3 in Staves
 30708 | Orc:2    | Bought a spiked ring mail for 171 gold pieces
 30708 | Orc:2    | Bought a twisted leather armour for 133 gold pieces
 30718 | Orc:2    | Identified the +0 leather armour of Midnight {rPois rF+}
                  | (You bought it in a shop on level 2 of the Orcish Mines)
 30729 | Orc:2    | Identified the +5 ring mail of the Elven Halls {rN+++
                  | Dex-4} (You bought it in a shop on level 2 of the Orcish
                  | Mines)
 30992 | Spider:1 | HP: 26/121 [emperor scorpion (12)]
 31004 | Spider:1 | HP: 22/121 [emperor scorpion (1)]
 31017 | Spider:1 | HP: 27/121 [emperor scorpion (1)]
 31392 | Spider:1 | Reached skill level 4 in Staves
 31573 | Spider:1 | Reached skill level 8 in Ice Magic
 32141 | Spider:2 | Noticed Agnes
 32155 | Spider:2 | Killed Agnes
 32155 | Spider:2 | Reached skill level 5 in Staves
 32157 | Spider:2 | Noticed Jorgrun
 32174 | Spider:2 | HP: 29/121 [Jorgrun/iron shot (26)]
 32178 | Spider:2 | Killed Jorgrun
 32751 | Spider:2 | Noticed Arachne
 32777 | Spider:2 | HP: 29/121 [Arachne/uncursed staff of poison (21)]
 32802 | Spider:2 | Killed Arachne
 32802 | Spider:2 | Reached skill level 6 in Staves
 33509 | Spider:2 | HP: 30/121 [poisoned by a redback]
 34551 | Spider:3 | Reached skill level 7 in Staves
 34685 | Spider:3 | Reached skill level 9 in Ice Magic
 35062 | Spider:4 | Entered Level 4 of the Spider Nest
 35092 | Spider:3 | HP: 25/121 [ghost moth (6)]
 35097 | Spider:3 | HP: 25/121 [ghost moth (3)]
 35108 | Spider:3 | HP: 30/121 [ghost moth (12)]
 35538 | Spider:4 | Noticed Aizul
 36354 | D:13     | Reached skill level 8 in Staves
 36640 | D:13     | HP: 27/121 [ironheart preserver/+0 vorpal dire flail (19)]
 36640 | D:13     | HP: 9/121 [eight-headed hydra (8)]
 36640 | D:13     | HP: 2/121 [eight-headed hydra (7)]
 36640 | D:13     | Mangled by an eight-headed hydra

Levels and vault maps discovered:
D:1:      lemuel_arrival_funnel, layout_basic
D:2:      layout_basic, nicolae_tso_swordbearing_angel,
          lemuel_coloured_pillars_altar, roderic_serpentine_path
D:3:      layout_basic, nicolae_overflow_hidden_temple, marbit_many_paths,
          old_standard_altar, nicolae_qazlal_style_of_elements, first_ration,
          uniq_sigmund, uniq_ijyb, uniq_grinder
D:4:      layout_basic
D:5:      layout_rooms, grunt_gozag_breadcrumbs, minmay_curled_crystal
D:6:      kennysheep_big_flooded_room, layout_basic, overflow_temple_1_default,
          minmay_temple_entry_grid, serial_shops, nicolae_shop_crystal,
          corexii_corridor_pit, kennysheep_generic_room_7
D:7:      minmay_the_grid_four_pointed_star
          [minmay_the_grid_triangle_9x9_checkered,
          minmay_the_grid_triangle_9x9_minimal,
          minmay_the_grid_triangle_9x9_from_above,
          minmay_the_grid_triangle_9x9_semitri,
          minmay_the_grid_prize_four_corners_diamond_a], layout_gridville,
          xom_teletrap_fun
D:8:      layout_gridville, basic_altar, uniq_prince_ribbit1
D:9:      layout_rooms, eat_drink_and_be_merry_uskayaw,
          erik_lair_orcish_takeover, uniq_gastronok, uniq_psyche
D:10:     layout_big_octagon, serial_shops, nicolae_shop_trees
D:11:     layout_irregular_city, david_orc_1_choice, david_nohive_1, uniq_grum,
          uniq_urug
D:12:     layout_roguey, enter_trove_0, portal_ice_cave_entry_imps
D:13:     minmay_goldmine, layout_rooms, skrybe_vaults_entry_preservation,
          uniq_frances
Lair:1:   layout_regular_city, lemuel_old_faithful
Lair:2:   layout_cave_pods
Lair:3:   layout_cave_pods, skrybe_swamp_entry_bodies,
          nicolae_spider_entry_tight_spaces, portal_ice_cave_demonic_guard,
          eino_house_with_fridge, infiniplex_staircase_pool_2
Lair:4:   layout_small_grid
Lair:5:   layout_loops_ring, slime_dummy, gammafunk_ghost_icy,
          cheibrodos_lair_reptile_den, serial_bayou_shore_b
Lair:6:   minmay_lair_end_frog_pond, layout_gridlike, enter_volcano_3,
          gauntlet_entry_generic
Spider:1: layout_spider_delve, nicolae_spider_webs_and_nodes,
          spiders_nest_spider_trap
Spider:2: layout_chambers, drop_trap, uniq_arachne, uniq_agnes, uniq_jorgrun
Spider:3: layout_spider_delve, nicolae_spider_stair_cavern
Spider:4: guppyfry_spider_rune, uniq_aizul
Orc:1:    layout_caves, basic_altar
Orc:2:    grunt_orc_gardens, layout_caves, grunt_orc_garden, grunt_orc_garden,
          grunt_orc_garden, grunt_orc_garden, serial_shops,
          nicolae_shop_overgrown_old_shop, rock_pile, uniq_josephine,
          uniq_erolcha

Skill      XL: |  1  2  3  4  5  6  7  8  9 10 11 12 13 14 15 |
---------------+----------------------------------------------+-----
Ice Magic      | 1 2 3 4 5 6 7 9 |  9.4
Necromancy     | 4 5 6 7 9 |  9.8
Spellcasting   | 2 3 4 5 6 8 |  8.0
Dodging        | 2 4 7 12 14 | 14.0
Bows           | 4 8 9 11 12 14 | 14.0
Fighting       | 4 5 7 8 |  8.2
Poison Magic   | 4 6 |  6.0
Conjurations   | 1 |  1.0
Air Magic      | 1 |  1.0
Armour         | 4 5 |  5.4
Evocations     | 3 |  3.0
Staves         | 2 8 |  8.3
Stealth        | |  1.7

Action                   |  1- 3 |  4- 6 |  7- 9 | 10-12 | 13-15 || total
-------------------------+-------+-------+-------+-------+-------++-------
Melee: Club              |    14 |       |       |       |       ||    14
       Dagger            |    20 |    30 |       |       |       ||    50
       Trident           |       |       |   110 |       |       ||   110
       Scythe            |       |       |    18 |       |       ||    18
       Short sword       |       |       |    78 |   176 |   180 ||   434
       Lajatang          |       |       |       |       |   217 ||   217
 Fire: Shortbow          |       |       |    56 |   472 |  1061 ||  1589
Throw: Dart              |     1 |       |       |       |       ||     1
       Javelin           |       |     1 |       |     1 |       ||     2
 Cast: Pain              |    32 |    25 |     6 |     1 |       ||    64
       Freeze            |    14 |    41 |    69 |    47 |       ||   171
       Frozen Ramparts   |       |     7 |    41 |    64 |    75 ||   187
       Agony             |       |       |     2 |    11 |    24 ||    37
       Vampiric Draining |       |       |     2 |    43 |    82 ||   127
       Animate Dead      |       |       |       |    12 |    15 ||    27
       Mephitic Cloud    |       |       |       |    11 |    17 ||    28
       Olgreb's Toxic Ra |       |       |       |    15 |    98 ||   113
       Simulacrum        |       |       |       |       |    19 ||    19
Evoke: Wand              |       |       |    14 |     9 |    32 ||    55
       Lamp of fire      |       |       |       |     2 |     5 ||     7
       Sack of spiders   |       |       |       |       |     2 ||     2
  Use: Potion            |     5 |     2 |     5 |     7 |    12 ||    31
       Scroll            |       |     5 |    11 |    14 |    26 ||    56
 Stab: Sleeping          |     8 |     1 |     4 |     3 |       ||    16
       Invisible         |     3 |       |     1 |       |       ||     4
       Paralysed         |       |       |    10 |       |     2 ||    12
       Distracted        |       |       |       |     1 |     3 ||     4
       Confused          |       |       |       |       |     1 ||     1
  Eat: Chunk             |     3 |     4 |    12 |    22 |    50 ||    91
       Ration            |       |     1 |     3 |     1 |     6 ||    11
Armor: Robe              |    12 |     8 |    77 |       |       ||    97
       Skin              |       |    31 |       |       |       ||    31
       Leather armour    |       |       |    24 |   122 |   189 ||   335
       Ring mail         |       |       |       |       |   281 ||   281
Dodge: Dodged            |    37 |    36 |   174 |   251 |   914 ||  1412
       Deflected         |       |       |       |       |     6 ||     6

Table legend:
 A = Non-vault XP
 B = Vault XP
 C = Vault XP percentage of total XP
 D = Non-vault monster count
 E = Vault monster count
 F = Vault count percentage of total count
                 A         B        C        D         E       F
            +---------+---------+-------+---------+---------+-------
      Total |  116866 |   65321 |  35.9 |     679 |     246 |  26.6
            +---------+---------+-------+---------+---------+-------
        D:1 |      28 |       0 |   0.0 |      17 |       0 |   0.0
        D:2 |     222 |       0 |   0.0 |      24 |       0 |   0.0
        D:3 |     134 |     507 |  79.1 |      20 |       4 |  16.7
        D:4 |     403 |       0 |   0.0 |      17 |       0 |   0.0
        D:5 |     669 |       0 |   0.0 |      11 |       0 |   0.0
        D:6 |    1243 |     633 |  33.7 |      32 |       5 |  13.5
        D:7 |    1944 |    1176 |  37.7 |      39 |      14 |  26.4
        D:8 |    1687 |     286 |  14.5 |      32 |       1 |   3.0
        D:9 |    1618 |    3392 |  67.7 |      20 |      11 |  35.5
       D:10 |    2580 |      94 |   3.5 |      21 |       2 |   8.7
       D:11 |    6287 |    2882 |  31.4 |      44 |      28 |  38.9
       D:12 |    7714 |     121 |   1.5 |      47 |      12 |  20.3
       D:13 |    3320 |    1080 |  24.5 |      12 |       3 |  20.0
     Lair:1 |    3654 |       0 |   0.0 |      18 |       0 |   0.0
     Lair:2 |    5339 |       0 |   0.0 |      23 |       0 |   0.0
     Lair:3 |    3774 |    3943 |  51.1 |      18 |      23 |  56.1
     Lair:4 |    6369 |       0 |   0.0 |      21 |       0 |   0.0
     Lair:5 |   13636 |    5076 |  27.1 |      24 |      15 |  38.5
     Lair:6 |   11646 |   10683 |  47.8 |      46 |      49 |  51.6
   Spider:1 |   14049 |    2685 |  16.0 |      42 |       9 |  17.6
   Spider:2 |    4041 |    9252 |  69.6 |      18 |       3 |  14.3
   Spider:3 |   16125 |       0 |   0.0 |      49 |       0 |   0.0
   Spider:4 |     936 |       0 |   0.0 |       4 |       0 |   0.0
      Orc:1 |    3998 |    1985 |  33.2 |      34 |       4 |  10.5
      Orc:2 |    5450 |    9455 |  63.4 |      46 |      33 |  41.8
      IceCv |       0 |    4831 | 100.0 |       0 |      22 | 100.0
    Volcano |       0 |    7240 | 100.0 |       0 |       8 | 100.0
            +---------+---------+-------+---------+---------+-------

Levels and vault maps discovered:
D:1:      lemuel_arrival_funnel, layout_basic
D:2:      layout_basic, nicolae_tso_swordbearing_angel,
          lemuel_coloured_pillars_altar, roderic_serpentine_path
D:3:      layout_basic, nicolae_overflow_hidden_temple, marbit_many_paths,
          old_standard_altar, nicolae_qazlal_style_of_elements, first_ration,
          uniq_sigmund, uniq_ijyb, uniq_grinder
D:4:      layout_basic
D:5:      layout_rooms, grunt_gozag_breadcrumbs, minmay_curled_crystal
D:6:      kennysheep_big_flooded_room, layout_basic, overflow_temple_1_default,
          minmay_temple_entry_grid, serial_shops, nicolae_shop_crystal,
          corexii_corridor_pit, kennysheep_generic_room_7
D:7:      minmay_the_grid_four_pointed_star
          [minmay_the_grid_triangle_9x9_checkered,
          minmay_the_grid_triangle_9x9_minimal,
          minmay_the_grid_triangle_9x9_from_above,
          minmay_the_grid_triangle_9x9_semitri,
          minmay_the_grid_prize_four_corners_diamond_a], layout_gridville,
          xom_teletrap_fun
D:8:      layout_gridville, basic_altar, uniq_prince_ribbit1
D:9:      layout_rooms, eat_drink_and_be_merry_uskayaw,
          erik_lair_orcish_takeover, uniq_gastronok, uniq_psyche
D:10:     layout_big_octagon, serial_shops, nicolae_shop_trees
D:11:     layout_irregular_city, david_orc_1_choice, david_nohive_1, uniq_grum,
          uniq_urug
D:12:     layout_roguey, enter_trove_0, portal_ice_cave_entry_imps
D:13:     minmay_goldmine, layout_rooms, skrybe_vaults_entry_preservation,
          uniq_frances
Lair:1:   layout_regular_city, lemuel_old_faithful
Lair:2:   layout_cave_pods
Lair:3:   layout_cave_pods, skrybe_swamp_entry_bodies,
          nicolae_spider_entry_tight_spaces, portal_ice_cave_demonic_guard,
          eino_house_with_fridge, infiniplex_staircase_pool_2
Lair:4:   layout_small_grid
Lair:5:   layout_loops_ring, slime_dummy, gammafunk_ghost_icy,
          cheibrodos_lair_reptile_den, serial_bayou_shore_b
Lair:6:   minmay_lair_end_frog_pond, layout_gridlike, enter_volcano_3,
          gauntlet_entry_generic
Spider:1: layout_spider_delve, nicolae_spider_webs_and_nodes,
          spiders_nest_spider_trap
Spider:2: layout_chambers, drop_trap, uniq_arachne, uniq_agnes, uniq_jorgrun
Spider:3: layout_spider_delve, nicolae_spider_stair_cavern
Spider:4: guppyfry_spider_rune, uniq_aizul
Orc:1:    layout_caves, basic_altar
Orc:2:    grunt_orc_gardens, layout_caves, grunt_orc_garden, grunt_orc_garden,
          grunt_orc_garden, grunt_orc_garden, serial_shops,
          nicolae_shop_overgrown_old_shop, rock_pile, uniq_josephine,
          uniq_erolcha

Table legend:
 A = Turns spent in this place as a percentage of turns spent in the entire game.
 B = Non-inter-level travel turns spent in this place as a percentage of non-inter-level travel turns spent in the entire game.
 C = Inter-level travel turns spent in this place as a percentage of turns spent in this place.
 D = Turns resting spent in this place as a percentage of non-inter-level travel turns spent in this place.
 E = Turns spent auto-exploring this place as a percentage of non-inter-level travel turns spent in this place.
 F = Non-inter-level travel turns spent in this place divided by the number of levels of this place that you've seen.
                   A       B       C       D       E      F
               +-------+-------+-------+-------+-------+----------------------
         Total | 100.0 | 100.0 |   8.3 |  32.9 |  42.9 | 1244.6
       Dungeon |  44.1 |  42.6 |  11.2 |  28.6 |  46.8 | 1102.5
          Lair |  27.6 |  28.4 |   5.6 |  26.6 |  51.8 | 1588.3
   Spider Nest |  15.6 |  16.1 |   5.4 |  51.6 |  27.7 | 1354.0
  Orcish Mines |   9.6 |   9.4 |   9.8 |  42.7 |  28.1 | 1584.5
      Ice Cave |   2.2 |   2.4 |   0.0 |  24.4 |  37.7 | 808.0
       Volcano |   1.0 |   1.0 |   0.0 |  24.9 |  20.9 | 350.0
               +-------+-------+-------+-------+-------+----------------------

Table legend:
 A = Kills in this place as a percentage of kills in entire the game.
 B = Kills by you in this place as a percentage of kills by you in the entire game.
 C = Kills by friends in this place as a percentage of kills by friends in the entire game.
 D = Other kills in this place as a percentage of other kills in the entire game.
 E = Experience gained in this place as a percentage of experience gained in the entire game.
 F = Experience gained in this place divided by the number of levels of this place that you have seen.
                   A       B       C       D       E      F
               +-------+-------+-------+-------+-------+----------------------
         Total | 100.0 | 100.0 | 100.0 | 100.0 | 100.0 | 6747.7
       Dungeon |  45.0 |  46.9 |  24.2 |  10.0 |  20.9 | 2924.6
          Lair |  25.6 |  24.9 |  33.9 |  40.0 |  35.2 | 10686.7
   Spider Nest |  13.5 |  11.3 |  41.9 |  30.0 |  25.8 | 11772.0
  Orcish Mines |  12.6 |  13.5 |   0.0 |  20.0 |  11.5 | 10444.0
      Ice Cave |   2.4 |   2.6 |   0.0 |   0.0 |   2.7 | 4831.0
       Volcano |   0.9 |   0.9 |   0.0 |   0.0 |   4.0 | 7240.0
               +-------+-------+-------+-------+-------+----------------------
